AoeStats
← xXTiroNoChakraXx

Arabian Desert

510726112Analyzed
1v1 RM · 1d ago on Oct 2, 2026· 39m 11s· 2 players
Game mode
Random Map
Map size
Tiny (2 player)
Population
200
Speed
Normal
Resources
Standard
Victory
Conquest
Starting age
Dark Age
Ending age
Imperial Age
RankedLock teamsTeams togetherTeam positionsShared explorationLock speedFull tech treeHidden civsTurbo modeCheats
Victory
Defeat
🇦🇺 Aztecs · Australia
1030
+15
🇦🇺 Bohemians · Australia
1004
-15
xXTiroNoChakraXx
10:41 Feudal Age
11:13 Loom
14:36 Man-at-Arms
19:49 Castle Age
18:03 Double-Bit Axe
19:53 Forging
25:16 Fervor
29:07 Wheelbarrow
35:04 Imperial Age
34:19 Fletching
36:37 Redemption
38:31 Bodkin Arrow
Thunder Lizard
10:34 Feudal Age
11:01 Loom
11:15 Man-at-Arms
12:08 Double-Bit Axe
14:51 Horse Collar
16:38 Fletching
21:36 Castle Age
19:45 Gold Mining
20:29 Padded Archer Armor
22:31 Bodkin Arrow
22:06 Crossbowman
23:41 Leather Archer Armor
23:51 Bow Saw
26:03 Wheelbarrow
25:40 Squires
26:40 Ballistics
28:59 Fervor
29:52 Redemption
34:11 Imperial Age
34:36 Sanctity
35:17 Conscription
34:23 Capped Ram
35:13 Bracer
36:13 Arbalester
38:02 Chemistry
39:07 Eagle Warrior
Connection lost

Rejoining the realm…

Still unreachable

The connection could not be restored.

Session expired

The server has moved on; the page needs a fresh start.